 Dungeon Crawl Stone Soup version 0.25-a0-565-g8875c97ebb (webtiles) character file.

Game seed: 1104719805259181836, levelgen mode: deterministic

812 MisterFreud the Ducker (level 8, -1/60 HPs)
             Began as a Human Wanderer on Feb 26, 2020.
             Killed by divine providence
             ... invoked by an orc priest
              (15 damage)
             ... on level 5 of the Dungeon.
             The game lasted 00:11:14 (5098 turns).

MisterFreud the Ducker (Human Wanderer)             Turns: 5098, Time: 00:11:15

Health: -1/60      AC:  9    Str: 19    XL:     8   Next: 15%
Magic:  11/11      EV: 16    Int: 10    God:
Gold:   213        SH:  0    Dex: 17    Spells: 10/11 levels left

rFire    . . .     SeeInvis .   b - +2 mace
rCold    . . .     Gourm    .   (no shield)
rNeg     . . .     Faith    .   d - +0 robe
rPois    .         Spirit   .   y - +2 helmet
rElec    .         Reflect  .   (no cloak)
rCorr    .         Harm     .   (no gloves)
MR       .....                  (no boots)
Stlth    ++........             (no amulet)
HPRegen  0.20/turn              r - +4 ring of protection
MPRegen  0.12/turn              D - +6 ring of strength

@: lethally poisoned (-1 -> -13)
A: no striking features
a: no special abilities


You were on level 5 of the Dungeon.
You were not hungry.

You visited 1 branch of the dungeon, and saw 5 of its levels.

You collected 213 gold pieces.

Inventory:

Hand Weapons
 a - a +0 hunting sling
 b - a +2 mace (weapon)
Missiles
 e - 46 bolts
 g - 9 boomerangs
 i - 175 stones (quivered)
 m - 100 arrows
 n - 20 sling bullets
 B - 13 poisoned darts
Armour
 d - a +0 robe (worn)
 y - a +2 helmet (worn)
Jewellery
 r - a +4 ring of protection (left hand)
 z - an uncursed ring of positive energy {unknown}
 D - a +6 ring of strength (right hand)
Wands
 x - a wand of random effects (14)
 A - a wand of flame (22)
Scrolls
 h - 5 scrolls of identify {unknown}
 j - 3 scrolls of noise {unknown}
 k - 5 scrolls of remove curse {unknown}
 p - 2 scrolls of teleportation {unknown}
 t - a scroll of enchant armour {unknown}
 u - 2 scrolls of enchant weapon {unknown}
 v - a scroll of magic mapping {unknown}
Potions
 c - 2 potions of stabbing {unknown}
 l - 3 potions of flight {unknown}
 o - a potion of mutation {unknown}
 q - a potion of heal wounds {unknown}
 s - 3 potions of curing {unknown}
 w - a potion of lignification {unknown}
Comestibles
 f - 4 rations
 C - 8 chunks of flesh


   Skills:
 - Level 4.1 Fighting
 + Level 4.4 Maces & Flails
 - Level 1.0 Armour
 - Level 6.0 Dodging
   Level 2.0 Shields
 - Level 2.0 Spellcasting
 - Level 2.0 Summonings
   Level 1.0 Fire Magic


You had 10 spell levels left.
You knew the following spells:

 Your Spells              Type           Power        Failure   Level  Hunger
a - Summon Small Mammal   Summ           #...         14%         1    ##.....

Your spell library contained the following spells:

 Spells                   Type           Power        Failure   Level  Hunger
 Call Canine Familiar     Summ           #.......     38%         3    ####...
 Passwall                 Tmut/Erth      #.......     43%         2    ###....
 Sticks to Snakes         Tmut           #.......     43%         2    ###....


Dungeon Overview and Level Annotations

Branches:
Dungeon (5/15)
 Temple: D:4-7

Altars:
Vehumet


Message History

You hit the orc warrior but do no damage.
You hit the orc warrior but do no damage.
The orc warrior hits you with a +0 long sword.
The orc priest mumbles some strange prayers to Beogh against you.
Beogh smites you!
You hear a shout! x2
You hit the orc warrior.
The orc warrior is lightly wounded.
The orc warrior barely misses you.
You barely miss the orc priest.
The orc priest is moderately wounded.
The orc warrior hits you with a +0 long sword!
The orc priest hits you with a +1 war axe of venom!
* * * LOW HITPOINT WARNING * * *
You are poisoned.
* * * LOW HITPOINT WARNING * * *
You feel sick.
The orc priest mumbles some strange prayers to Beogh against you.
Beogh smites you!
You die...

#..# #.........# #.#
#.........# #.#
#.........# ##.#
##.........## ##..#
#............ #..##
###.....)....##
####.#####..............
#...o...##.......#######
#.....o@##.#######
#.....o....#
#.......#### #.......#
#.......# #.......#
#########


You could see an orc warrior and 2 orc priests.

Vanquished Creatures
  2 ogres
  A scorpion (D:4)
  A water moccasin skeleton (D:5)
  A howler monkey (D:4)
  A crimson imp (D:5)
  A centaur zombie (D:5)
  A jelly (D:5)
  A gnoll shaman (D:4)
  A hound (D:5)
  An orc wizard (D:5)
  Natasha (D:2)
  2 worker ants (D:5)
  Robin (D:3)
  8 gnolls
  6 adders
  A shadow imp (D:4)
  An ooze (D:4)
  A dart slug (D:1)
  3 leopard geckos
  7 orcs
  9 bats
  5 giant cockroaches
  10 hobgoblins
  5 jackals (D:4)
  7 kobolds
  A quokka (D:3)
  A ball python (D:1)
  7 frilled lizards
  20 goblins
  7 rats
114 creatures vanquished.

Notes
Turn   | Place    | Note
-------+----------+-------------------------------------------
     0 | D:1      | MisterFreud the Human Wanderer began the quest for the Orb.
     0 | D:1      | MisterFreud set off with the following items: a +2 mace, a
                  | +0 robe, a ration; and the following spell memorised:
                  | Summon Small Mammal; and the following spells available to
                  | memorise: Call Canine Familiar, Passwall, Sticks to Snakes
     0 | D:1      | Reached XP level 1. HP: 13/13 MP: 3/3
   142 | D:1      | Reached skill level 1 in Fighting
   365 | D:1      | Reached XP level 2. HP: 17/21 MP: 5/5
   760 | D:1      | HP: 1/22 [kobold (2)]
   778 | D:1      | HP: 1/22 [kobold (1)]
  1164 | D:1      | Reached XP level 3. HP: 26/28 MP: 3/6
  2031 | D:2      | Noticed Natasha
  2039 | D:2      | Killed Natasha
  2039 | D:2      | Reached XP level 4. HP: 20/36 MP: 5/7
  2477 | D:3      | Noticed Robin
  2492 | D:3      | Reached XP level 5. HP: 30/42 MP: 8/8
  2518 | D:3      | Found a radiant altar of Vehumet.
  2671 | D:4      | Noticed an ogre
  2683 | D:4      | Killed an ogre
  2683 | D:4      | Reached skill level 2 in Dodging
  2683 | D:4      | Reached XP level 6. HP: 10/48 MP: 9/9
  2938 | D:4      | Reached skill level 3 in Dodging
  2982 | D:4      | Reached skill level 4 in Dodging
  3208 | D:3      | Killed Robin
  3386 | D:3      | Found a faded altar of an unknown god.
  4198 | D:5      | Entered Level 5 of the Dungeon
  4233 | D:5      | Reached skill level 5 in Dodging
  4233 | D:5      | Reached XP level 7. HP: 50/54 MP: 10/10
  4488 | D:5      | Reached skill level 6 in Dodging
  4925 | D:5      | Reached XP level 8. HP: 50/60 MP: 11/11
  5098 | D:5      | Killed from afar by an orc priest

Levels and vault maps discovered:
D:1:      dpeg_arrival_concentric_ovals, layout_basic, serial_bayou_pond_e,
          minivault_19
D:2:      layout_rooms, uniq_natasha
D:3:      layout_loops_cross, lemuel_crystal_altar,
          chequers_ecumenical_altar_simple_redux, uniq_robin
D:4:      layout_rooms, first_ration, glass_columns_b, corexii_corridor_pit
D:5:      layout_rooms, uniq_edmund, uniq_crazy_yiuf_cottage

Skill      XL: |  1  2  3  4  5  6  7  8 |
---------------+-------------------------+-----
Fighting       | 1 2 3 4 |  4.1
Dodging        | 2 5 6 |  6.0
Maces & Flails | 3 4 |  4.4
Armour         | |  1.0
Shields        | |  2.0
Spellcasting   | |  2.0
Summonings     | |  2.0
Fire Magic     | |  1.0

Action                   |  1- 3 |  4- 6 |  7- 9 || total
-------------------------+-------+-------+-------++-------
Melee: Mace              |   102 |   223 |   110 ||   435
 Fire: Hunting sling     |       |    11 |       ||    11
 Cast: Summon Small Mamm |     8 |       |       ||     8
 Stab: Distracted        |     1 |       |       ||     1
       Sleeping          |       |     3 |       ||     3
  Eat: Chunk             |     4 |     7 |     3 ||    14
Armor: Robe              |    39 |    58 |    36 ||   133
Dodge: Dodged            |    81 |   177 |   109 ||   367

Table legend:
 A = Non-vault XP
 B = Vault XP
 C = Vault XP percentage of total XP
 D = Non-vault monster count
 E = Vault monster count
 F = Vault count percentage of total count
                 A         B        C        D         E       F
            +---------+---------+-------+---------+---------+-------
      Total |    1085 |      75 |   6.5 |     100 |      14 |  12.3
            +---------+---------+-------+---------+---------+-------
        D:1 |      38 |       0 |   0.0 |      24 |       0 |   0.0
        D:2 |      22 |      35 |  61.4 |       9 |       1 |  10.0
        D:3 |     103 |      40 |  28.0 |      32 |      13 |  28.9
        D:4 |     419 |       0 |   0.0 |      20 |       0 |   0.0
        D:5 |     503 |       0 |   0.0 |      15 |       0 |   0.0
            +---------+---------+-------+---------+---------+-------
